 Dungeon Crawl Stone Soup version 0.30.1-9-gdf580d7c3d (webtiles) character file.

Game seed: 1172194183286348249

729 danielguo94 the Cudgeller (level 7, -2/44 HPs)
             Began as a Gargoyle Fighter on Oct 10, 2023.
             Was a Believer of Zin.
             Slain by a gnoll
             ... wielding a +0 spear
             ... led by a gnoll bouda
              (7 damage)
             ... on level 5 of the Dungeon.
             The game lasted 00:05:07 (4064 turns).

danielguo94 the Cudgeller (Gargoyle Fighter)        Turns: 4064, Time: 00:05:08

Health: -2/44      AC: 12    Str: 20    XL:     7   Next: 73%
Magic:  7/7        EV:  9    Int:  8    God:    Zin [**....]
Gold:   218        SH:  4    Dex: 11    Spells: 6/6 levels left

rFire   . . .        u - +0 flail
rCold   . . .        c - +0 buckler
rNeg    + . .        b - +0 scale mail
rPois   ∞            (no helmet)
rElec   +            j - scarf {+Inv}
rCorr   .            (no gloves)
SInv    .            (no boots)
Will    +....        e - amulet of magic regeneration Stlth
                     p - ring of willpower
HPRegen 0.27/turn    (no ring)
MPRegen 0.50/turn

%: no passive effects
@: no status effects
A: sickness immunity, AC +4, negative energy resistance 1, electricity
resistance, torment resistance 1, petrification resistance
a: Renounce Religion, Evoke Invisibility, Recite, Vitalisation, Donate Gold


You were on level 5 of the Dungeon.
You worshipped Zin.
Zin was pleased with you.
You visited 1 branch of the dungeon, and saw 5 of its levels.

You collected 242 gold pieces.
You donated 24 gold pieces to Zin.

Inventory:

Hand Weapons
 k - a +2 demon whip of electrocution
 u - a +0 flail (weapon)
Missiles
 d - a throwing net
 f - 4 atropa-tipped darts
 q - 2 javelins (quivered)
Armour
 b - a +0 scale mail (worn)
 c - a +0 buckler (worn)
 j - a scarf of invisibility (worn)
Jewellery
 e - an amulet of magic regeneration (around neck)
 p - a ring of willpower (left hand)
 w - a ring of fire
Wands
 l - a wand of acid (11)
Scrolls
 a - a scroll of immolation
 g - 6 scrolls of teleportation
 m - 2 scrolls of poison
 o - 3 scrolls of magic mapping
 r - a scroll of enchant armour {unknown}
 t - a scroll of summoning {unknown}
 v - a scroll of torment {unknown}
 z - a scroll of enchant weapon {unknown}
Potions
 h - a potion of mutation
 i - a potion of heal wounds
 n - a potion of lignification {unknown}
 s - a potion of invisibility {unknown}
 x - 2 potions of resistance {unknown}


   Skills:
 + Level 4.4 Fighting
 * Level 6.1 Maces & Flails
 + Level 4.9 Armour
 + Level 1.1 Dodging
 + Level 3.9 Shields
 * Level 2.2 Evocations


You had 6 spell levels left.
You didn't know any spells.
Your spell library contained the following spells:

 Spells                   Type           Power      Damage    Failure   Level
 Shock                    Conj/Air       0%         1d3       82%         1
 Swiftness                Air            0%         N/A       99%         3
 Airstrike                Air            0%         2d(0-16)  100%        4
 Iskenderun's Battlesphe  Conj           0%         2d6       100%        5
 Iron Shot                Conj/Erth      0%         9d1       100%        6
 Malign Gateway           Summ/Tloc      0%         N/A       100%        7
 Spellforged Servitor     Conj/Summ      0%         N/A       100%        7
 Summon Horrible Things   Summ           0%         N/A       100%        8


Dungeon Overview and Level Annotations

Branches:
Dungeon (5/15)
 Temple: D:4-7

Altars:
Ashenzari
Dithmenos
Trog
Zin


Innate Abilities, Weirdness & Mutations

You are immune to sickness and miasma.
Your stone body is resilient. (AC +4)
You are immune to poison.
You resist negative energy. (rN+)
You are resistant to electric shocks. (rElec)
You are resistant to unholy torment.
You are immune to petrification.


Message History

You are too injured to fight recklessly!
You are too injured to fight recklessly!
You are too injured to fight recklessly!
You are too injured to fight recklessly!
You are too injured to fight recklessly!
You are too injured to fight recklessly!
You are too injured to fight recklessly!
You are too injured to fight recklessly!
You hit the gnoll.
The gnoll is heavily wounded.
The gnoll closely misses you. The gnoll hits you but does no damage.
You completely miss the gnoll.
The gnoll is heavily wounded.
The gnoll is no longer moving quickly.
The gnoll barely misses you. The gnoll hits you with a +0 flail.
You closely miss the gnoll.
The gnoll is heavily wounded.
The gnoll hits you from afar with a +0 spear.
The gnoll completely misses you.
You hit the gnoll but do no damage.
The gnoll is heavily wounded.
The gnoll hits you from afar with a +0 spear.
The gnoll hits you with a +0 flail.
* * * LOW HITPOINT WARNING * * *
You block the gnoll's attack. The gnoll hits you but does no damage.
You sock the gnoll!
You kill the gnoll!
The gnoll hits you from afar with a +0 spear.
* * * LOW HITPOINT WARNING * * *
The gnoll hits you from afar with a +0 spear.
* * * LOW HITPOINT WARNING * * *
The gnoll hits you but does no damage.
Items here: )) [ †.
You barely miss the gnoll.
The gnoll hits you from afar with a +0 spear.
* * * LOW HITPOINT WARNING * * *
The gnoll barely misses you.
You closely miss the gnoll.
The gnoll hits you from afar with a +0 spear!
You die...

##########......#
#.............#.#
#.#########.#...#
#.# #.##### #.#
#.# #.# #.# #.#
#.# #.# ..# #@#
### #g# #g# ..
#g# ## #. ## #g#
.... ..# #s# .#.
#.# ... .. #.#
#.. #. ##.#
###.##.#####...


You could see a scorpion and 4 gnolls.

Vanquished Creatures
  A phantom (D:5)
  2 scorpions (D:4)
  3 wights (D:5)
  2 hounds
  2 jellies (D:4)
  A gnoll bouda (D:5)
  A sleepcap (D:4)
  7 gnolls
  8 adders
  4 worms
  3 dart slugs
  An orc (D:4)
  6 endoplasms
  A giant cockroach (D:3)
  4 goblins
  9 hobgoblins
  2 kobolds
  2 quokkas
  7 ball pythons
  2 bats
  A frilled lizard (D:2)
  6 rats
75 creatures vanquished.

Notes
Turn   | Place    | Note
-------+----------+-------------------------------------------
     0 | D:1      | danielguo94 the Gargoyle Fighter began the quest for the
                  | Orb.
     0 | D:1      | Reached XP level 1. HP: 14/14 MP: 1/1
   332 | D:1      | Reached XP level 2. HP: 19/19 MP: 2/2
  1087 | D:2      | Reached XP level 3. HP: 16/23 MP: 3/3
  1154 | D:2      | Reached skill level 3 in Maces & Flails
  1350 | D:2      | Reached XP level 4. HP: 28/29 MP: 4/4
  1843 | D:3      | Reached XP level 5. HP: 7/33 MP: 5/5
  2022 | D:3      | Found a shadowy altar of Dithmenos.
  2028 | D:3      | Found a faded altar of an unknown god.
  2164 | D:3      | Reached skill level 4 in Maces & Flails
  2275 | D:3      | Found a broken altar of Ashenzari.
  2347 | D:3      | Found a glowing silver altar of Zin.
  2681 | D:3      | Became a worshipper of Zin the Law-Giver
  2681 | D:3      | Reached * piety under Zin
  2801 | D:4      | Reached skill level 1 in Evocations
  2809 | D:4      | Reached XP level 6. HP: 33/38 MP: 6/6
  3010 | D:4      | Reached skill level 5 in Maces & Flails
  3261 | D:4      | Reached ** piety under Zin
  3339 | D:4      | Found a bloodstained altar of Trog.
  3478 | D:5      | Entered Level 5 of the Dungeon
  3485 | D:5      | Noticed an ice beast
  3608 | D:4      | Reached XP level 7. HP: 31/43 MP: 7/7
  3663 | D:5      | Reached skill level 1 in Dodging
  3882 | D:5      | Reached skill level 6 in Maces & Flails
  4064 | D:5      | Slain by a gnoll

Illustrated notes

Levels and vault maps discovered:
D:1:      amcnicky_arrival_choice, layout_basic, serial_bayou_crossing
D:2:      layout_loops_cross, minmay_cut_off
D:3:      layout_basic, lemuel_round_altar,
          nicolae_dithmenos_through_a_glass_darkly, zin_treasury,
          ebering_ecumenical_altar_abandoned, minmay_fractal_squares_5
D:4:      layout_cave_pools, general_overflow_altar, dk_noncrumbling_3,
          dk_noncrumbling_4
D:5:      layout_loops_ring, grunt_temple_overflow_champion_of_chaos,
          mainiacjoe_overflow_surrounded_room

Skill      XL: |  1  2  3  4  5  6  7 |
---------------+----------------------+-----
Maces & Flails | 3 4 5 6 |  6.1
Fighting       | 4 |  4.4
Armour         | 4 |  4.9
Evocations     | 1 2 |  2.2
Dodging        | 1 |  1.1
Shields        | |  3.9

Action                     |  1- 3 |  4- 6 |  7- 9 || total
---------------------------+-------+-------+-------++-------
  Melee: Flail             |    78 |   130 |    82 ||   290
         Demon whip        |       |    27 |       ||    27
    Use: Scroll            |       |     7 |       ||     7
         Potion            |       |     1 |     2 ||     3
 Armour: Scale mail        |    33 |    76 |    24 ||   133
  Dodge: Dodged            |    30 |    78 |    37 ||   145
  Block: Buckler           |    16 |    37 |    17 ||    70
